Map: Romanticide LE

Players

MarcoMan - Winner!

  • Race: Protoss Protoss
  • League: Master
  • Spawn Location: 5:00

Drift

  • Race: Terran Terran
  • League: Master
  • Spawn Location: 11:00

VOD

Have the link to the VOD?

Description

Time

  • Played on: Jan. 17, 2021, 3:45 p.m.
  • Length: 20:19
Show
View Real Time Build Order
Export as new Build Order

MarcoMan Protoss - Winner!

Build Orders: 1 Gate Expand, Blink Stalkers, Carriers 

Get SALT Encoding   

  12  0:01  Probe  
  13  0:13  Probe  
  14  0:17  Pylon  
  14  0:25  Probe (Chrono Boost)  
  15  0:36  Gateway  
  15  0:37  Probe (Chrono Boost)  
  16  0:43  Probe (Chrono Boost)  
  16  0:46  Assimilator  
  17  0:51  Probe  
  18  1:03  Probe  
  19  1:15  Probe  
  20  1:23  Cybernetics Core  
  20  1:34  Nexus  
  20  1:38  Probe  
  21  1:43  Pylon  
  21  1:50  Probe  
  22  1:55  Assimilator  
  22  2:00  Adept (Chrono Boost)  
  22  2:05  Probe  
  25  2:11  Warp Gate  
  25  2:17  Probe  
  25  2:20  Stalker (Chrono Boost)  
  28  2:30  Probe  
  28  2:35  Twilight Council  
  29  2:42  Probe  
  30  2:49  Sentry  
  32  2:53  Probe  
  32  2:54  Probe  
  34  2:59  Gateway  
  34  3:06  Gateway  
  34  3:20  Probe  
  34  3:25  Probe  
  36  3:27  Blink (Chrono Boost)  
  36  3:32  Pylon, Probe  
  37  3:37  Probe  
  38  3:44  Probe  
  39  3:49  Probe  
  40  3:56  Probe  
  40  4:00  Stalker x2  
  45  4:04  Stalker  
  47  4:11  Pylon  
  47  4:21  Probe x2  
  48  4:26  Robotics Facility  
  48  4:33  Assimilator, Probe  
  48  4:34  Probe  
  48  4:35  Assimilator  
  50  4:45  Probe  
  50  4:46  Probe  
  50  4:49  Pylon  
  50  4:50  Nexus  
  52  4:52  Gateway  
  52  4:55  Forge  
  52  4:58  Probe x2  
  54  5:02  Stalker  
  56  5:10  Probe x2  
  56  5:14  Observer  
  59  5:20  Pylon  
  59  5:22  Probe x2  
  58  5:34  Probe x2  
  58  5:35  Observer  
  58  5:46  Probe x2  
  60  5:51  Photon Cannon  
  60  5:54  Photon Cannon  
  60  5:56  Observer  
  61  5:58  Probe x2  
  61  5:59  Charge (Chrono Boost)  
  61  6:00  Photon Cannon  
  61  6:01  Protoss Ground Armor Level 1  
  63  6:04  Probe  
  63  6:10  Probe  
  63  6:11  Probe  
  66  6:16  Probe  
  67  6:21  Gateway  
  67  6:23  Probe x2  
  69  6:28  Probe  
  69  6:30  Shield Battery  
  70  6:35  Gateway, Probe x2  
  70  6:38  Pylon  
  72  6:41  Immortal (Chrono Boost), Probe  
  78  6:47  Probe x2  
  78  6:50  Robotics Bay  
  78  6:52  Stalker x2  
  78  6:53  Probe  
  84  7:13  Probe x2  
  84  7:14  Observer  
  84  7:15  Assimilator  
  87  7:17  Zealot  
  87  7:18  Assimilator, Pylon  
  87  7:20  Pylon  
  87  7:21  Sentry x2  
  93  7:24  Probe  
  93  7:29  Forge  
  94  7:30  Templar Archives  
  94  7:32  Gateway  
  94  7:34  Gateway  
  94  7:38  Colossus (Chrono Boost)  
  94  7:41  Nexus  
  100  7:48  Stalker x3  
  106  7:56  Psionic Storm  
  106  8:00  Pylon  
  106  8:01  Probe  
  106  8:02  Probe  
  106  8:03  Pylon  
  108  8:16  Protoss Ground Weapons Level 1 (Chrono Boost), Extended Thermal Lance, Pylon  
  108  8:17  Protoss Ground Armor Level 2 (Chrono Boost)  
  108  8:19  Probe x3  
  111  8:28  Gateway  
  111  8:31  Warp Prism, Probe x3  
  116  8:38  Photon Cannon  
  116  8:39  Shield Battery  
  116  8:42  Photon Cannon  
  116  8:43  Probe  
  116  8:45  Photon Cannon  
  116  8:46  High Templar x2  
  121  8:57  Assimilator  
  121  9:00  Assimilator  
  119  9:14  Zealot x5  
  127  9:27  Probe x2  
  127  9:31  Photon Cannon  
  129  9:37  Stargate  
  129  9:40  Pylon, Stargate  
  129  9:41  Photon Cannon  
  129  9:43  Pylon  
  129  9:44  Photon Cannon, Probe x4  
  133  9:46  Shield Battery  
  133  9:58  High Templar x2  
  137  10:12  Zealot x6  
  137  10:13  Zealot  
  151  10:14  Void Ray x2 (Chrono Boost)  
  146  10:43  Zealot  
  146  10:44  Zealot x6  
  146  10:45  Zealot x2  
  146  10:46  Void Ray x2  
  156  11:15  Probe x2  
  156  11:16  Nexus  
  156  11:18  Zealot, Pylon  
  158  11:19  Zealot x2  
  158  11:20  Pylon  
  158  11:23  Void Ray  
  148  11:34  Phoenix  
  143  11:40  Probe (Chrono Boost)  
  143  11:41  Assimilator  
  143  11:42  Assimilator  
  143  11:45  Probe x2 (Chrono Boost)  
  144  11:50  Probe (Chrono Boost)  
  147  11:54  Probe x2 (Chrono Boost)  
  147  11:55  Probe (Chrono Boost)  
  147  11:59  Phoenix  
  150  12:01  Nexus  
  150  12:04  Probe x2  
  150  12:05  Pylon  
  150  12:06  Phoenix (Chrono Boost), Pylon, Probe  
  150  12:07  Photon Cannon  
  155  12:09  Photon Cannon  
  155  12:11  Shield Battery  
  155  12:12  Protoss Ground Armor Level 3 (Chrono Boost)  
  155  12:13  Protoss Ground Weapons Level 2 (Chrono Boost)  
  155  12:16  Fleet Beacon, Probe x2  
  155  12:21  Oracle (Chrono Boost)  
  157  12:23  Probe  
  157  12:28  Probe, Oracle (Chrono Boost), Protoss Air Weapons Level 1  
  165  12:44  Stargate  
  165  12:51  Phoenix  
  163  13:19  Carrier x2 (Chrono Boost)  
  163  13:26  Stargate  
  175  13:30  Photon Cannon  
  175  13:53  Nexus  
  175  13:54  Carrier (Chrono Boost)  
  175  13:55  Pylon  
  175  13:56  Pylon  
  180  14:09  Carrier (Chrono Boost)  
  174  14:11  Carrier (Chrono Boost)  
  174  14:13  Carrier  
  180  14:17  Photon Cannon  
  180  14:19  Photon Cannon  
  180  14:20  Shield Battery  
  180  14:22  Shield Battery  
  180  14:24  Shield Battery  
  180  14:28  Photon Cannon  
  180  14:31  Zealot x2, Protoss Air Weapons Level 2  
  180  14:32  Zealot x4  
  188  15:05  Nexus  
  155  15:08  Pylon  
  155  15:10  Pylon  
  139  15:15  Carrier (Chrono Boost)  
  139  15:16  Carrier x2 (Chrono Boost)  
  153  15:27  Tempest (Chrono Boost)  
  158  15:31  Probe  
  158  15:32  Probe x3  
  158  15:33  Assimilator  
  158  15:34  Observer  
  162  15:35  Assimilator  
  162  15:39  Photon Cannon  
  162  15:42  Photon Cannon  
  162  15:44  Photon Cannon, Probe x4  
  166  15:56  Probe  
  167  15:59  Zealot x4  
  167  16:00  Zealot x4  
  167  16:01  Tempest (Chrono Boost)  
  188  16:05  Probe x2  
  185  16:16  Probe x2  
  185  16:17  Probe x2  
  180  16:18  Shield Battery  
  180  16:21  Shield Battery  
  180  16:26  Carrier  
  186  16:37  Disruptor (Chrono Boost)  
  183  16:57  Photon Cannon  
  183  16:59  Photon Cannon  
  183  17:03  Disruptor (Chrono Boost)  
  183  17:06  Photon Cannon x2  
  186  17:11  Nexus  
  186  17:13  Pylon  
  184  17:31  Disruptor  
  181  17:57  Photon Cannon  
  181  17:59  Photon Cannon  
  181  18:20  Pylon  
  181  18:22  Unknown  
  181  18:27  Zealot, Photon Cannon  
  181  18:28  Zealot x4  
  181  18:29  Shield Battery  
  181  18:31  Shield Battery  
  191  18:38  Shield Battery  
  191  18:40  Pylon  
  191  18:45  Carrier  
  197  18:51  Nexus  
  189  19:20  Gateway  
  189  19:21  Gateway  
  189  19:22  Zealot x2, Pylon  
  189  19:23  Gateway  
  187  19:24  Pylon  
  187  19:25  Gateway  
  187  19:27  Gateway  
  158  19:45  Zealot x2  
  158  19:46  Zealot x5  
  158  19:47  Zealot x2  
Show
View Real Time Build Order
Export as new Build Order

Drift Terran 

Build Orders: Gas First Reaper Expand, Mech, Banshee Rush 

Get SALT Encoding   

  12  0:00  SCV  
  13  0:12  SCV  
  14  0:17  Supply Depot  
  14  0:24  SCV  
  14  0:28  Refinery  
  15  0:39  SCV  
  16  0:44  Barracks  
  16  0:51  SCV  
  17  1:03  SCV  
  18  1:15  SCV  
  19  1:31  Orbital Command, Reaper  
  20  1:49  Command Center  
  20  1:58  SCV  
  21  2:02  Factory  
  21  2:06  Barracks Reactor  
  21  2:10  SCV  
  22  2:16  Supply Depot  
  22  2:22  SCV  
  22  2:24  Refinery  
  23  2:38  SCV  
  24  2:50  SCV  
  25  2:53  Starport  
  25  2:55  Hellion x2  
  29  3:02  SCV  
  29  3:03  Orbital Command  
  30  3:13  Barracks Tech Lab  
  30  3:14  SCV  
  31  3:20  Hellion  
  31  3:21  Hellion  
  31  3:26  SCV  
  36  3:29  SCV  
  37  3:38  Supply Depot, SCV  
  37  3:41  SCV  
  39  3:45  Cloaking Field  
  39  3:49  Factory Tech Lab  
  39  3:50  SCV  
  39  3:55  Bunker  
  40  3:56  Marine x2  
  40  3:57  Banshee  
  40  4:00  SCV  
  46  4:04  Supply Depot  
  46  4:07  SCV  
  47  4:13  SCV  
  47  4:16  Marine x2  
  50  4:20  SCV  
  42  4:25  SCV  
  42  4:28  Siege Tank  
  42  4:31  Supply Depot  
  46  4:32  SCV  
  46  4:36  Marine x2  
  46  4:37  SCV  
  50  4:40  Banshee  
  50  4:44  SCV  
  54  4:50  Command Center  
  54  4:54  Marine  
  54  4:55  Marine  
  54  4:57  SCV  
  54  4:58  SCV  
  58  5:00  Bunker  
  58  5:01  Refinery  
  58  5:05  Refinery  
  58  5:10  Siege Tank, SCV  
  58  5:11  SCV  
  58  5:12  Marine  
  64  5:18  Supply Depot  
  64  5:22  Supply Depot, SCV  
  64  5:24  SCV  
  64  5:25  Marine  
  67  5:28  Banshee  
  70  5:39  SCV x2, Marine  
  73  5:47  Marine  
  73  5:48  Siege Tank  
  74  5:51  SCV x2  
  74  5:54  Factory  
  74  5:55  Supply Depot  
  74  5:56  Supply Depot  
  76  5:59  Factory  
  76  6:03  SCV  
  77  6:05  Orbital Command, SCV  
  78  6:15  SCV  
  78  6:17  SCV  
  80  6:20  Banshee  
  80  6:21  Barracks Reactor, Engineering Bay  
  80  6:25  Hyperflight Rotors  
  83  6:27  Hellion  
  83  6:28  SCV  
  83  6:29  Orbital Command, SCV  
  83  6:30  Supply Depot  
  87  6:40  SCV  
  87  6:46  Refinery  
  88  6:50  Refinery  
  88  6:54  SCV x2  
  90  7:02  SCV  
  90  7:04  Hellion x2, Siege Tank  
  90  7:06  SCV  
  90  7:08  Supply Depot  
  96  7:10  Banshee, Supply Depot  
  96  7:11  SCV  
  96  7:14  SCV  
  103  7:16  Hellion  
  103  7:20  SCV  
  103  7:21  Armory x2  
  104  7:24  SCV  
  104  7:25  Hellion  
  104  7:26  SCV  
  104  7:27  Hellion  
  104  7:28  Hellion  
  112  7:32  Factory, Supply Depot, SCV  
  112  7:33  Factory, Supply Depot  
  112  7:35  Missile Turret  
  112  7:36  SCV  
  114  7:38  SCV  
  115  7:45  Siege Tank  
  115  7:46  Hellion  
  115  7:47  SCV  
  121  7:53  Hellion  
  121  7:55  Banshee, Hellion  
  121  7:56  Supply Depot, SCV  
  121  7:57  Supply Depot, SCV  
  127  7:59  Hellion  
  127  8:00  Infernal Pre-Igniter  
  127  8:02  SCV  
  130  8:10  SCV  
  131  8:17  Terran Vehicle Weapons Level 1, Terran Vehicle And Ship Armor Level 1  
  131  8:18  Factory Tech Lab x2  
  131  8:20  Siege Tank  
  131  8:21  Hellion x3  
  131  8:23  Supply Depot x2  
  140  8:34  Command Center  
  140  8:37  Hellion, Siege Tank  
  140  8:38  Siege Tank  
  140  8:40  Banshee  
  151  8:45  Hellion  
  155  8:50  Supply Depot  
  155  8:52  Siege Tank  
  155  8:53  Supply Depot  
  156  8:56  Factory  
  156  8:57  Hellion  
  156  8:59  Factory  
  156  9:00  SCV  
  156  9:01  Factory  
  159  9:09  Hellion x2  
  166  9:17  Supply Depot  
  166  9:25  Hellion, Siege Tank  
  166  9:26  Banshee  
  166  9:27  SCV  
  175  9:35  Command Center, Hellion  
  175  9:36  Cyclone x2  
  175  9:37  Mag-Field Accelerator  
  180  9:41  Factory Tech Lab  
  180  9:42  Factory Tech Lab  
  180  9:47  Factory Reactor  
  180  9:52  Hellion  
  182  9:57  Cyclone  
  185  10:04  Hellion, Siege Tank  
  190  10:08  Cyclone  
  190  10:10  Hellion  
  198  10:16  Missile Turret  
  198  10:20  Siege Tank  
  199  10:27  Barracks  
  199  10:28  Hellion x2  
  198  10:29  Refinery  
  198  10:30  SCV x2  
  198  10:32  Siege Tank  
  198  10:35  Refinery  
  196  10:36  Siege Tank  
  196  10:37  Hellion  
  196  10:40  Siege Tank  
  174  10:44  SCV  
  170  10:52  Siege Tank  
  172  11:03  Hellion x2  
  179  11:04  Cyclone  
  179  11:05  Hellion  
  179  11:06  Widow Mine  
  179  11:07  Widow Mine  
  179  11:08  Cyclone, Widow Mine  
  174  11:24  Cyclone, Widow Mine  
  163  11:33  Hellion  
  163  11:36  Cyclone  
  163  11:39  Hellion  
  164  11:40  Widow Mine, Siege Tank  
  164  11:41  Widow Mine x2, Drilling Claws  
  164  11:44  Factory Tech Lab  
  164  11:46  Planetary Fortress  
  158  11:55  Terran Vehicle Weapons Level 2  
  158  12:00  Cyclone  
  161  12:07  Hellion, Siege Tank  
  166  12:15  Widow Mine x2  
  170  12:18  Cyclone  
  173  12:23  Command Center  
  173  12:24  Sensor Tower  
  173  12:28  Sensor Tower  
  173  12:36  Cyclone  
  179  12:37  Cyclone  
  179  12:40  SCV x3  
  179  12:43  SCV  
  183  12:45  Cyclone  
  183  12:47  Widow Mine x2  
  183  12:49  Widow Mine  
  192  12:52  SCV x3  
  192  12:55  SCV  
  192  12:57  Missile Turret  
  196  13:01  Missile Turret  
  196  13:04  SCV x3  
  199  13:10  Widow Mine x2  
  199  13:11  Widow Mine  
  196  13:14  Cyclone x2  
  196  13:16  SCV x3  
  199  13:26  Terran Vehicle And Ship Armor Level 2  
  199  13:33  Command Center  
  199  14:09  Cyclone x4, Hellion  
  194  14:10  Hellion x5  
  196  14:17  Terran Vehicle Weapons Level 3  
  196  14:23  Missile Turret  
  196  14:31  Hellion x2  
  200  14:57  Planetary Fortress  
  182  15:00  Starport  
  182  15:02  Hellion x3, Starport  
  182  15:04  Fusion Core  
  129  15:23  Thor x4, Hellion x2  
  129  15:25  Hellion  
  129  15:26  Hellion  
  128  15:32  Widow Mine  
  128  15:33  Widow Mine  
  132  15:36  Orbital Command  
  132  15:46  Refinery  
  132  15:49  Widow Mine x2  
  136  15:53  Starport Tech Lab, Hellbat x2  
  136  15:54  Starport Tech Lab  
  140  16:05  Thor  
  140  16:06  Thor x2  
  140  16:09  Refinery  
  156  16:14  Thor  
  156  16:16  Hellbat  
  139  16:27  Hellion  
  136  16:48  Thor  
  136  16:49  Siege Tank x2  
  148  16:58  Thor x2  
  148  17:00  Terran Vehicle And Ship Armor Level 3  
  154  17:11  Thor  
  154  17:13  Command Center  
  154  17:17  Hellion x2  
  154  17:18  Hellion  
  154  17:38  Command Center  
  149  17:55  Thor  
  155  18:09  Thor  
  161  18:33  Thor  
  167  18:38  Thor  
  173  18:45  Hellbat  
  175  18:53  Orbital Command  
  167  19:01  Thor  
  168  19:17  Hellion x2, Siege Tank  
  173  19:18  Planetary Fortress  
  175  19:29  Siege Tank  
  123  19:54  Hellbat x2  
  123  19:55  SCV  
Tags
 
Add a new tag
Caveats
  • Supply blocks, unpowered buildings, or Contaminate may cause inaccurate times.
  • Supply counts are checked every 10 seconds.